 Dungeon Crawl Stone Soup version 0.24-a0-230-g536ed4e33c (webtiles) character file.

Game seed: 5467536271219266662

60 Redear the Skirmisher (level 4, 0/43 HPs)
             Began as a Naga Fighter on Apr 3, 2019.
             Succumbed to a goblin's poison
             ... on level 2 of the Dungeon.
             The game lasted 00:05:08 (1227 turns).

Redear the Skirmisher (Naga Fighter)                Turns: 1227, Time: 00:05:08

Health: 0/43       AC:  4    Str: 18    XL:     4   Next: 6%
Magic:  3/4        EV:  9    Int:  9    God:
Gold:   44         SH:  0    Dex: 11    Spells: 3/3 levels left

rFire    . . .     SeeInvis +   a - +0 war axe
rCold    . . .     Gourm    .   (no shield)
rNeg     . . .     Faith    .   b - +0 scale mail
rPois    +         Spirit   .   (helmet restricted)
rElec    .         Reflect  .   (no cloak)
rCorr    .         Harm     .   (no gloves)
MR       .....                  (no barding)
Stlth    +.........             (no amulet)
HPRegen  0.14/turn              (no ring)
MPRegen  0.09/turn              (no ring)

@: lethally poisoned (0 -> -14), hasted, quick
A: large, horns 1, repulsion field 1, see invisible, deformed body, poison
resistance, slowness 2, slow metabolism 1, spit poison 1, AC +1
a: Spit Poison


You were on level 2 of the Dungeon.
You were hungry.

You visited 1 branch of the dungeon, and saw 2 of its levels.

You collected 44 gold pieces.

Inventory:

Hand Weapons
 a - a +0 war axe (weapon)
Missiles
 n - 6 poisoned needles
 Q - 146 stones (quivered)
Armour
 b - a +0 scale mail (worn)
 c - a +0 shield
 l - a +0 leather armour
Jewellery
 j - an uncursed ring of stealth {unknown}
Scrolls
 e - a scroll of random uselessness {unknown}
 g - 2 scrolls of remove curse {unknown}
 k - a scroll of amnesia {unknown}
 m - a scroll of fog {unknown}
Potions
 d - a potion of might
Comestibles
 f - 3 rations


   Skills:
 + Level 3.6 Fighting
 + Level 2.8 Axes
 + Level 2.4 Armour
 + Level 3.0 Stealth
 + Level 2.4 Shields


You had 3 spell levels left.
You didn't know any spells.
Your spell library was empty.

Dungeon Overview and Level Annotations

Branches:
Dungeon (2/15)

Altars:
Nemelex Xobeh


Innate Abilities, Weirdness & Mutations

You cannot wear boots.
Your serpentine skin is tough. (AC +1)
You have supernaturally acute eyesight. (SInv)
Armour fits poorly on your strangely shaped body.
Your system is resistant to poisons. (rPois)
You cover ground very slowly.
You have a slow metabolism.
You can spit poison.
You have a pair of small horns on your head.
You are surrounded by a mild repulsion field. (EV +2)


Message History

* * * LOW HITPOINT WARNING * * *
You feel sick.
You take 1 damage, and have 2/43 hp.
MP restored: 3 You miss the goblin.
You hit the frilled lizard.
You kill the frilled lizard!
* * * LOW HITPOINT WARNING * * *
You feel sick. The goblin barely misses you.
You hit the goblin.
You kill the goblin!
* * * LOW HITPOINT WARNING * * *
You feel sick.
You take 1 damage, and have 1/43 hp.
Really quaff
h - a potion of mutation {!q}?
Really quaff the potion of mutation?
You feel extremely strange.
You feel an ache in your throat.
You feel more energetic.
Your fingernails shrink to normal size.
A pair of horns grows on your head!
You begin to radiate repulsive energy.
You die...

#........# ####........
######
#..........#########.....
..#................#.####
...........#######.#.####
#.......#...............
#..#.))###########.#####
#.....)@...........#
#...##.#####.######## .
... #......## ..###
#..###..# ...
###.##.##.###### ..
##...#._.#...##.. .
#..####.####..#(.
##.##..#'#..##....
#..#...).'...#....


There were no monsters in sight!

Levels and vault maps discovered:
D:1:      dpeg_arrival_prison, layout_loops_ring
D:2:      layout_loops_ring, nemelex_dance_club_becter

Notes
Turn   | Place    | Note
-------+----------+-------------------------------------------
     0 | D:1      | Redear the Naga Fighter began the quest for the Orb.
     0 | D:1      | Reached XP level 1. HP: 21/21 MP: 1/1
    41 | D:1      | Identified a +0 war axe
    62 | D:1      | Reached skill level 1 in Stealth
    67 | D:1      | Identified a +0 club
    70 | D:1      | Reached XP level 2. HP: 23/28 MP: 2/2
   185 | D:1      | Identified a +0 short sword
   314 | D:1      | Identified a +0 club
   366 | D:1      | Reached skill level 2 in Stealth
   472 | D:1      | Identified a cursed +0 club
   511 | D:1      | Reached XP level 3. HP: 34/34 MP: 3/3
   541 | D:1      | Identified a +0 dagger
   892 | D:2      | Identified a +0 club
   903 | D:2      | Found a sparkling altar of Nemelex Xobeh.
   988 | D:2      | HP: 8/34 [worm (3)]
  1206 | D:2      | Identified a +0 dagger
  1207 | D:2      | Identified a +0 dagger
  1207 | D:2      | Identified a +0 scale mail
  1209 | D:2      | Identified a +1 dagger of venom
  1221 | D:2      | HP: 7/34 [poisoned by a goblin]
  1222 | D:2      | Identified 2 potions of mutation
  1222 | D:2      | Gained mutation: Your magical capacity is low. (-10% MP)
                  | [potion of mutation]
  1222 | D:2      | Gained mutation: You can exhale a cloud of poison. [potion
                  | of mutation]
  1222 | D:2      | Gained mutation: You have sharp fingernails. [potion of
                  | mutation]
  1223 | D:2      | Identified a potion of haste
  1223 | D:2      | HP: 3/34 [poisoned by a goblin]
  1224 | D:2      | Reached skill level 3 in Stealth
  1224 | D:2      | Reached XP level 4. HP: 4/43 MP: 3/3
  1226 | D:2      | HP: 1/43 [poisoned by a goblin]
  1227 | D:2      | Lost mutation: You can exhale a cloud of poison. [potion of
                  | mutation]
  1227 | D:2      | Lost mutation: Your magical capacity is low. (-10% MP)
                  | [potion of mutation]
  1227 | D:2      | Lost mutation: You have sharp fingernails. [potion of
                  | mutation]
  1227 | D:2      | Gained mutation: You have a pair of small horns on your
                  | head. [potion of mutation]
  1227 | D:2      | Gained mutation: You are surrounded by a mild repulsion
                  | field. (EV +2) [potion of mutation]
  1227 | D:2      | Succumbed to a goblin's poison

Table legend:
 A = Turns spent in this place as a percentage of turns spent in the entire game.
 B = Non-inter-level travel turns spent in this place as a percentage of non-inter-level travel turns spent in the entire game.
 C = Inter-level travel turns spent in this place as a percentage of turns spent in this place.
 D = Turns resting spent in this place as a percentage of non-inter-level travel turns spent in this place.
 E = Turns spent auto-exploring this place as a percentage of non-inter-level travel turns spent in this place.
 F = Non-inter-level travel turns spent in this place divided by the number of levels of this place that you've seen.
                   A       B       C       D       E      F
               +-------+-------+-------+-------+-------+----------------------
         Total | 100.0 | 100.0 |   3.7 |  13.5 |  55.4 | 591.0
       Dungeon | 100.0 | 100.0 |   3.7 |  13.5 |  55.4 | 591.0
               +-------+-------+-------+-------+-------+----------------------

Table legend:
 A = Kills in this place as a percentage of kills in entire the game.
 B = Kills by you in this place as a percentage of kills by you in the entire game.
 C = Kills by friends in this place as a percentage of kills by friends in the entire game.
 D = Other kills in this place as a percentage of other kills in the entire game.
 E = Experience gained in this place as a percentage of experience gained in the entire game.
 F = Experience gained in this place divided by the number of levels of this place that you have seen.
                   A       B       C       D       E      F
               +-------+-------+-------+-------+-------+----------------------
         Total | 100.0 | 100.0 |   N/A |   N/A | 100.0 |  43.5
       Dungeon | 100.0 | 100.0 |   N/A |   N/A | 100.0 |  43.5
               +-------+-------+-------+-------+-------+----------------------

Skill      XL: |  1  2  3 |
---------------+----------+-----
Stealth        | 1 2 3 |  3.0
Fighting       | |  3.6
Axes           | |  2.8
Armour         | |  2.4
Shields        | |  2.4

Action                   |  1- 3 |  4- 6 || total
-------------------------+-------+-------++-------
Melee: War axe           |   152 |     2 ||   154
  Use: Potion            |     2 |     1 ||     3
Armor: Scale mail        |   129 |       ||   129
Dodge: Dodged            |    84 |     1 ||    85
Block: Shield            |     9 |       ||     9

Vanquished Creatures
  2 oozes (D:2)
  A worm (D:2)
  An orc (D:2)
  A ball python (D:1)
  5 bats (D:1)
  3 giant cockroaches
  5 hobgoblins
  3 jackals (D:2)
  9 kobolds
  2 quokkas (D:2)
  4 frilled lizards
  5 goblins
  3 rats (D:1)
  A fungus (D:1)
45 creatures vanquished.
